 Dungeon Crawl Stone Soup version 0.31-a0-175-g9f7f995f2b (webtiles) character file.

Game seed: 1334642352172001621

129 qw the Shooter (level 5, -6/32 HPs)
             Began as a Gargoyle Hunter on June 16, 2023.
             Killed by divine providence
             ... invoked by an orc priest
              (12 damage)
             ... on level 3 of the Dungeon.
             The game lasted 00:00:40 (2123 turns).

qw the Shooter (Gargoyle Hunter)                    Turns: 2123, Time: 00:00:40

Health: -6/32      AC:  7    Str: 14 (15) XL:     5   Next: 12%
Magic:  5/5        EV: 11    Int:  9      God:
Gold:   98         SH:  0    Dex: 15      Spells: 4/4 levels left

rFire   . . .        Y - +2 shortbow
rCold   . . .        (shield currently unavailable)
rNeg    + . .        c - +0 leather armour
rPois   inf          (no helmet)
rElec   +            (no cloak)
rCorr   .            (no gloves)
SInv    .            (no boots)
Will    .....        e - amulet of the acrobat
Stlth   ++           (no ring)
HPRegen 0.25/turn    (no ring)
MPRegen 0.09/turn

%: acrobat
@: no status effects
A: sickness immunity, AC +4, negative energy resistance 1, electricity
resistance, torment resistance 1, petrification resistance
a: no special abilities


You were on level 3 of the Dungeon.
You visited 1 branch of the dungeon, and saw 3 of its levels.

You collected 98 gold pieces.


Innate Abilities, Weirdness & Mutations

You are immune to sickness and miasma.
Your stone body is resilient. (AC +4)
You are immune to poison.
You resist negative energy. (rN+)
You are resistant to electric shocks. (rElec)
You are resistant to unholy torment.
You are immune to petrification.


   Skills:
 - Level 3.1 Fighting
 + Level 5.9 Ranged Weapons
 - Level 1.5 Dodging
 - Level 1.1 Stealth


You had 4 spell levels left.
You didn't know any spells.
Your spell library was empty.

Inventory:

Hand Weapons
 Y - a +2 shortbow (weapon)
Armour
 a - a +0 ring mail
 c - a +0 leather armour (worn)
Jewellery
 e - an amulet of the acrobat (around neck)
Scrolls
 f - 2 scrolls of identify
 i - 3 scrolls of immolation {unknown}
Potions
 b - 3 potions of curing {unknown}
 d - a potion of berserk rage {unknown}
 g - 2 potions of cancellation
 h - a potion of haste
 j - a potion of ambrosia {unknown}
 k - a potion of might {unknown}

Dungeon Overview and Level Annotations

Branches:
Dungeon (3/15)

Altars:


Message History

The orc priest is moderately wounded.
You shoot an arrow. The arrow hits the orc priest.
The orc priest is moderately wounded.
The orc priest calls down the wrath of Beogh upon you.
Beogh smites you!
You shoot an arrow.
The arrow barely misses the orc priest. x2
You shoot an arrow. The arrow hits the orc priest!
The orc priest is severely wounded.
The orc priest calls upon Beogh to heal the orc priest.
The orc priest's wounds heal themselves!
You shoot an arrow. The arrow barely misses the orc priest.
The arrow hits the orc priest.
The orc priest is moderately wounded.
The orc priest hits you with a +0 mace.
You shoot an arrow.
The arrow completely misses the orc priest.
The arrow hits the orc priest!
The orc priest is almost dead.
The orc priest hits you with a +0 mace.
You shoot an arrow. The arrow hits the orc priest.
The orc priest is almost dead.
The orc priest barely misses you.
You shoot an arrow. The arrow barely misses the orc priest.
The arrow hits the orc priest but does no damage.
The orc priest is almost dead.
The orc priest mumbles some strange prayers to Beogh against you.
Beogh smites you!
The orc priest hits you but does no damage.
You shoot an arrow. The arrow hits the orc priest!
You kill the orc priest!
You feel your dexterity returning.
You have reached level 5!
You shoot an arrow.
The arrow hits the orc priest but does no damage.
The orc priest is almost dead.
The orc priest looks encouraged for a moment.
You shoot an arrow. The arrow barely misses the orc priest.
The orc priest mumbles some strange prayers to Beogh against you.
Beogh smites you!
You die...

#.### .#.####.## #.#
#.#.# #
##(####.#####.#.####
#...........<.#.##..
...####.#######.##.#
....# #.# #.##.#
##### #.# #.##.# #.#
#.##.# ###########.#
#)##.# ....).o@....#
#....# #..
############# ###..#
#.# #..# #.#### ###
#..# #.##.. ..# #..#
# #"##.# #.# #
########..# #. #.##.#
#.# ## .. ..........#
#.##.##.####.##.##.##
########.##
#.........<.........#
#####.##


You could see an orc priest.

Vanquished Creatures
  An orc priest (D:3)
  Natasha (twice) (D:3)
  An adder (D:3)
  2 worms (D:3)
  2 orcs (D:3)
  A ball python (D:2)
  2 bats
  4 endoplasms
  A giant cockroach (D:3)
  3 goblins (D:2)
  3 hobgoblins
  4 jackals
  A quokka (D:3)
  2 frilled lizards
  3 kobolds
  5 rats
37 creatures vanquished.

Notes
Turn   | Place    | Note
-------+----------+-------------------------------------------
     0 | D:1      | qw the Gargoyle Hunter began the quest for the Orb.
     0 | D:1      | Reached XP level 1. HP: 12/12 MP: 1/1
     0 | D:1      | 0 ||| qw: Version: 0.2-a-29-g511e9b1
     0 | D:1      | 0 ||| qw: Game counter: 5742
     0 | D:1      | 0 ||| qw: Always use a shield: true
     0 | D:1      | 0 ||| qw: God list: Okawaru
     0 | D:1      | 0 ||| qw: Allow faded altars: false
     0 | D:1      | 0 ||| qw: Do Orc after D:15 true
     0 | D:1      | 0 ||| qw: Do second Lair branch before Depths: true
     0 | D:1      | 0 ||| qw: Lair rune preference: random
     0 | D:1      | 0 ||| qw: Plans: Normal, Zot:1-4, Slime:5, God:TSO, Crypt,
                  | Tomb, Abyss, Pan, Hells, Win
     0 | D:1      | 0 ||| PLANNING D:1-11
    94 | D:1      | Reached XP level 2. HP: 12/17 MP: 2/2
   904 | D:1      | 904 ||| UPGRADING to amulet of the acrobat.
   909 | D:1      | 909 ||| READING scroll labelled XOVVUH ASELUH.
   910 | D:1      | 910 ||| READING 3 scrolls labelled HEPLEA NIXIUX.
   911 | D:1      | 911 ||| READING scroll labelled ZIOMPI HERUZ.
   912 | D:1      | 912 ||| READING scroll labelled SUYCIC BEOCOO.
   913 | D:1      | 913 ||| READING 2 scrolls of identify.
   913 | D:1      | 913 ||| IDENTIFYING blue potion
   914 | D:1      | 914 ||| DROPPING scroll of butterflies.
  1527 | D:2      | 1527 ||| READING scroll labelled ORADATHRIUG.
  1530 | D:2      | 1530 ||| DRINKING 2 sedimented sapphire potions.
  1531 | D:2      | 1531 ||| DRINKING 2 white potions.
  1532 | D:2      | 1532 ||| READING 2 scrolls of identify.
  1532 | D:2      | 1532 ||| IDENTIFYING smoky blue potion
  1533 | D:2      | 1533 ||| DROPPING potion of brilliance.
  1534 | D:2      | 1534 ||| DROPPING potion of degeneration.
  1565 | D:3      | Reached XP level 3. HP: 21/21 MP: 3/3
  1601 | D:3      | Reached skill level 5 in Ranged Weapons
  1655 | D:3      | 1655 ||| FLEEEEING.
  1729 | D:3      | Noticed Natasha
  1735 | D:3      | Killed Natasha
  1736 | D:3      | Reached skill level 3 in Fighting
  1761 | D:3      | Reached XP level 4. HP: 28/28 MP: 4/4
  1820 | D:3      | Noticed Natasha
  1833 | D:3      | Killed Natasha
  1943 | D:3      | 1943 ||| READING scroll of enchant weapon.
  1943 | D:3      | 1943 ||| ENCHANTING +1 shortbow.
  2120 | D:3      | HP: 5/28 [orc priest/divine providence (13)]
  2122 | D:3      | Reached XP level 5. HP: 6/32 MP: 5/5
  2123 | D:3      | Killed from afar by an orc priest

Levels and vault maps discovered:
D:1:      saegor_arrival_simple_c, layout_loops_cross, serial_rivers,
          chequers_serial_rivers_room_a, chequers_serial_rivers_micro_a,
          chequers_serial_rivers_room_b, chequers_serial_rivers_large_b,
          chequers_serial_rivers_room_b
D:2:      layout_basic
D:3:      layout_loops_ring, grunt_temple_overflow_diamond, uniq_natasha

Skill      XL: |  1  2  3 |
---------------+----------+-----
Ranged Weapons | 5 |  5.9
Fighting       | 3 |  3.1
Dodging        | |  1.5
Stealth        | |  1.1

Action                     |  1- 3 |  4- 6 || total
---------------------------+-------+-------++-------
   Fire: Shortbow          |    75 |    61 ||   136
    Use: Scroll            |     7 |     1 ||     8
         Potion            |     2 |       ||     2
 Armour: Leather armour    |    13 |     8 ||    21
  Dodge: Dodged            |    16 |    19 ||    35

Table legend:
 A = Non-vault XP
 B = Vault XP
 C = Vault XP percentage of total XP
 D = Non-vault monster count
 E = Vault monster count
 F = Vault count percentage of total count
                 A         B        C        D         E       F
            +---------+---------+-------+---------+---------+-------
      Total |     152 |      33 |  17.8 |      36 |       1 |   2.7
            +---------+---------+-------+---------+---------+-------
        D:1 |      13 |       0 |   0.0 |       8 |       0 |   0.0
        D:2 |      17 |       0 |   0.0 |      10 |       0 |   0.0
        D:3 |     122 |      33 |  21.3 |      18 |       1 |   5.3
            +---------+---------+-------+---------+---------+-------
